 Dungeon Crawl Stone Soup version 0.28.0-47-ge53b351184 (webtiles) character file.

Game seed: 9570106902378658712

1367 pkoi the Ruffian (level 8, -1/56 (63) HPs)
             Began as a Demigod Gladiator on Apr 27, 2022.
             Slain by a wight
             ... wielding a +5 scimitar
              (13 damage)
             ... on level 5 of the Dungeon.
             The game lasted 00:07:42 (6926 turns).

pkoi the Ruffian (Demigod Gladiator)                Turns: 6926, Time: 00:07:42

HP:   -1/56 (63)    AC: 12    Str: 29    XL:     8   Next: 15%
MP:   10/10         EV: 13    Int: 14    God:
Gold: 310           SH:  0    Dex: 17    Spells: 7/7 levels left

rFire   . . .      SeeInvis .   i - +4 spear (vamp)
rCold   . . .      Faith    .   (no shield)
rNeg    . . .      Spirit   .   m - +1 leather armour of the Mackerel {rElec Str+4 Dex+2}
rPois   .          Reflect  .   b - +1 helmet
rElec   +          Harm     .   (no cloak)
rCorr   .          Rampage  .   (no gloves)
Will    .....                   k - +0 pair of boots
Stlth   +.........              (no amulet)
HPRegen 0.18/turn               A - +6 ring of strength
MPRegen 0.12/turn               (no ring)

@: heavily drained
A: high MP 1, forlorn, divine attributes, iridescent scales 2
a: no special abilities


You were on level 5 of the Dungeon.
You visited 1 branch of the dungeon, and saw 5 of its levels.

You collected 310 gold pieces.

Inventory:

Hand Weapons
 d - a +0 whip
 e - a +0 dagger
 i - a +4 vampiric spear (weapon)
 v - a +1 dagger of electrocution
Missiles
 c - 2 throwing nets (quivered)
 f - 9 boomerangs
 h - 8 poisoned darts
 j - 6 atropa-tipped darts
Armour
 a - a +0 leather armour
 b - a +1 helmet (worn)
 g - a +0 ring mail
 k - a +0 pair of boots (worn)
 m - the +1 leather armour of the Mackerel (worn) {rElec Str+4 Dex+2}
   (You found it on level 3 of the Dungeon)

   Str:       It affects your strength (+4).
   Dex:       It affects your dexterity (+2).
   rElec:     It insulates you from electricity.
Jewellery
 n - a ring of ice
 A - a +6 ring of strength (left hand)
Wands
 q - a wand of polymorph (9)
 r - a wand of acid (3)
 u - a wand of flame (8)
Scrolls
 l - a scroll of teleportation
 o - a scroll of brand weapon
 p - 2 scrolls of enchant armour
Potions
 s - a potion of attraction {unknown}
 t - a potion of magic
 w - a potion of ambrosia {unknown}


   Skills:
 - Level 3.0 Fighting
 - Level 2.0 Throwing
 + Level 4.6 Armour
 - Level 4.0 Dodging
 * Level 7.6 Unarmed Combat


You had 7 spell levels left.
You didn't know any spells.
Your spell library was empty.

Dungeon Overview and Level Annotations

Branches:
Dungeon (5/15)             Temple (0/1) D:5

Shops:
D:4 =   D:5 [

Annotations:
D:3 Grinder


Innate Abilities, Weirdness & Mutations

You have an increased reservoir of magic. (+10% MP)
You shall have no god before yourself.
Your divine heritage dramatically boosts your attributes as you level up.
You are mostly covered in iridescent scales. (AC +4)


Message History

* * * LOW HITPOINT WARNING * * *
The wight completely misses you.
You hit the wight.
The wight is almost destroyed.
The wight misses you. The wight hits you with a +4 hand axe.
* * * LOW HITPOINT WARNING * * *
Unknown command.
You hit the wight but do no damage.
The wight is almost destroyed.
The wight hits you but does no damage. The wight hits you with a +4 hand axe.
* * * LOW HITPOINT WARNING * * *
Unknown command.
You hit the wight.
You destroy the wight!
The wight barely misses you.
Unknown command.
You puncture the wight!
The wight is heavily damaged.
The wight hits you with a +5 scimitar!
* * * LOW HITPOINT WARNING * * *
You feel drained.
* * * LOW HITPOINT WARNING * * *
You hit the wight.
The wight is severely damaged.
The wight closely misses you.
You closely miss the wight.
The wight is severely damaged.
The wight hits you with a +5 scimitar.
* * * LOW HITPOINT WARNING * * *
You feel drained.
You hit the wight.
The wight is almost destroyed.
The wight hits you but does no damage.
You hit the wight.
The wight is almost destroyed.
The wight barely misses you.
You hit the wight but do no damage. Your punch misses the wight.
The wight is almost destroyed.
The wight hits you with a +5 scimitar!
You die...

#.........#......##.#
#.........'......'.>#
#.........#......####
#####'############
#..†.....# #........#
#........# #........#
#.@......# #.z).....#
#........# #........#
#........# #.........
#........# ..........


You could see a wight.

Vanquished Creatures
  A necrophage (D:5)
  An ice beast (D:5)
  5 ogres
  A centaur (D:4)
  2 phantoms (D:5)
  2 scorpions
  3 wights (D:5)
  A hound (D:4)
  2 centaur skeletons (D:5)
  An orc wizard (D:4)
  Robin (D:2)
  4 gnolls
  4 adders
  An ufetubus (D:4)
  An adder zombie (D:5)
  An adder skeleton (D:4)
  2 worms
  2 dart slugs
  6 orcs
  3 bats
  3 endoplasms
  4 giant cockroaches
  9 goblins
  4 hobgoblins
  2 quokkas
  6 ball pythons
  5 frilled lizards
  A jackal skeleton (D:4)
  7 kobolds
  9 rats
94 creatures vanquished.

Vanquished Creatures (others)
  2 plants (D:1)
2 creatures vanquished.

Grand Total: 96 creatures vanquished

Notes
Turn   | Place    | Note
-------+----------+-------------------------------------------
     0 | D:1      | pkoi the Demigod Gladiator began the quest for the Orb.
     0 | D:1      | Reached XP level 1. HP: 17/17 MP: 3/3
   177 | D:1      | Reached skill level 3 in Unarmed Combat
   373 | D:1      | Reached XP level 2. HP: 12/24 MP: 4/4
   913 | D:1      | Reached skill level 1 in Armour
  1600 | D:1      | Gained mutation: You are partially covered in iridescent
                  | scales. (AC +2) [potion of mutation]
  1600 | D:1      | Gained mutation: You are mostly covered in iridescent
                  | scales. (AC +4) [potion of mutation]
  1899 | D:2      | Reached XP level 3. HP: 29/29 MP: 5/5
  2597 | D:2      | Noticed Robin
  2664 | D:2      | Killed Robin
  2665 | D:2      | Reached skill level 4 in Unarmed Combat
  2972 | D:2      | Identified the +2 dagger of the Witching Visionary {vorpal,
                  | rElec rF+ Str-5 Dex+2}
  3105 | D:2      | Reached XP level 4. HP: 36/36 MP: 6/6
  3479 | D:3      | Identified the +1 leather armour of the Mackerel {rElec
                  | Str+4 Dex+2}
  3595 | D:3      | Noticed Grinder
  4141 | D:4      | Reached XP level 5. HP: 34/41 MP: 7/7
  4277 | D:4      | Noticed a centaur
  4285 | D:4      | Killed a centaur
  4286 | D:4      | Reached skill level 5 in Unarmed Combat
  4543 | D:4      | Found Vyong's Jewellery Emporium.
  4754 | D:4      | Reached XP level 6. HP: 40/48 MP: 8/8
  5949 | D:5      | Entered Level 5 of the Dungeon
  6012 | D:5      | Found Modocsin's Armour Boutique.
  6049 | D:5      | Reached XP level 7. HP: 42/56 MP: 9/9
  6320 | D:5      | Reached skill level 6 in Unarmed Combat
  6684 | D:5      | Reached skill level 7 in Unarmed Combat
  6745 | D:5      | Found a staircase to the Ecumenical Temple.
  6768 | D:5      | Reached XP level 8. HP: 60/63 MP: 10/10
  6926 | D:5      | Slain by a wight

Illustrated notes

Levels and vault maps discovered:
D:1:      elethiomel_arrival_infinity_welcomes_careful_drivers, layout_basic,
          chequers_serial_rivers_marsh, chequers_serial_rivers_micro_e,
          minmay_misc_feat_room, columned_hall_lemuel, minmay_shallow_snake_nest
D:2:      layout_loops_ring, basic_altar, chequers_ecumenical_altar_simple,
          minmay_misc_feat_five, uniq_robin
D:3:      layout_rooms, nicolae_kikubaaqudgha_miasma_corner, uniq_grinder
D:4:      nicolae_BIG_FREAKIN_CUBE, layout_loops_ring, dk_noncrumbling_3,
          nicolae_stop_n_shop_1
D:5:      layout_basic, mainiacjoe_overflow_brackets, temple_statues,
          serial_shops, nicolae_shop_crystal

Skill      XL: |  1  2  3  4  5  6  7 |
---------------+----------------------+-----
Unarmed Combat | 3 4 5 7 |  7.6
Armour         | 1 2 3 4 |  4.6
Throwing       | 2 |  2.0
Dodging        | 3 4 |  4.0
Fighting       | 2 3 |  3.0

Action                   |  1- 3 |  4- 6 |  7- 9 || total
-------------------------+-------+-------+-------++-------
Melee: Unarmed           |   127 |       |       ||   127
       Punch             |     3 |     2 |     4 ||     9
       Spear             |     7 |   124 |    97 ||   228
Throw: Throwing net      |     1 |       |       ||     1
  Use: Potion            |     3 |     3 |       ||     6
       Scroll            |     2 |     6 |       ||     8
 Stab: Held in net/web   |     3 |       |       ||     3
       Sleeping          |     1 |       |     1 ||     2
Armor: Leather armour    |    27 |    40 |    35 ||   102
       Ring mail         |    29 |     2 |       ||    31
Dodge: Dodged            |    70 |    86 |    47 ||   203
